 Dungeon Crawl Stone Soup version 0.30-a0-331-g8ab09dc110 (webtiles) character file.

Game seed: 8559683293455180876

1343 oldriver the Trooper (level 8, -1/61 HPs)
             Began as a Djinni Hedge Wizard on Oct 29, 2022.
             Slain by a gnoll sergeant
             ... wielding a +7 spear of venom
              (14 damage)
             ... on level 6 of the Dungeon.
             The game lasted 00:14:26 (6426 turns).

oldriver the Trooper (Djinni Hedge Wizard)          Turns: 6426, Time: 00:14:26

Health: -1/61      AC:  2    Str:  9    XL:     8   Next: 93%
Gold:   351        EV: 13    Int: 19    God:
                   SH:  0    Dex: 12

rFire   + + .      SeeInvis .    w - +4 dagger (venom)
rCold   x . .      Faith    .    (no shield)
rNeg    . . .      Spirit   .    b - +0 robe
rPois   ∞          Reflect  .    c - +0 hat
rElec   .          Harm     .    (no cloak)
rCorr   .          Rampage  .    (no gloves)
Will    .....                    (boots unavailable)
Stlth   ++........               u - amulet of regeneration
HPRegen 1.10/turn                (no ring)
MPRegen 0.00/turn                (no ring)

@: flying, studying Unarmed Combat
A: sickness immunity, fire resistance 2, cold vulnerability 1, float, innate
caster, HP casting, extra vitality 1
a: no special abilities


You were on level 6 of the Dungeon.
You visited 1 branch of the dungeon, and saw 6 of its levels.

You collected 351 gold pieces.

Inventory:

Hand Weapons
 w - a +4 dagger of venom (weapon)
Armour
 b - a +0 robe (worn)
 c - a +0 hat (worn)
Jewellery
 u - an amulet of regeneration (around neck)
Wands
 i - a wand of roots (9)
Scrolls
 g - 2 scrolls of fear
 k - a scroll of blinking
Potions
 a - a potion of heal wounds
 d - a potion of degeneration {unknown}
 e - 2 potions of invisibility
 h - 2 potions of magic
 m - 3 potions of brilliance
 o - 6 potions of attraction {unknown}
 r - a potion of cancellation {unknown}
 t - a potion of resistance {unknown}


   Skills:
 * Level 6.3 Fighting
 + Level 5.4 Dodging
 - Level 1.5 Stealth
 * Level 5.5 Spellcasting


You had one spell level left.
You knew the following spells:

 Your Spells              Type           Power      Damage    Failure   Level
a - Magic Dart            Conj           100%       1d8       1%          1
b - Call Imp              Summ           26%        N/A       1%          2
c - Blink                 Tloc           52%        N/A       1%          2
d - Slow                  Hex            100%       N/A       1%          1
e - Cigotuvi's Dreadful   Necr/Pois/Air  52%        N/A       1%          2
g - Sting                 Tmut/Pois      100%       1d8       1%          1
h - Momentum Strike       Conj/Tloc      52%        3d9       1%          2
i - Inner Flame           Hex/Fire       26%        N/A       3%          3
o - Mephitic Cloud        Conj/Pois/Air  26%        N/A       3%          3
Your spell library was empty.

Dungeon Overview and Level Annotations

Branches:
Dungeon (6/15)
 Temple: D:4-7

Altars:
Ru

Shops:
D:5 [*

Annotations:
D:6 Menkaure


Innate Abilities, Weirdness & Mutations

You are immune to sickness and miasma.
You are immune to poison.
Your flesh is very heat resistant. (rF++)
You are vulnerable to cold. (rC-)
You float through the air rather than walking.
You learn spells naturally, not from books.
Your magical power is your life essence.
You have superior vitality. (+4 MHP)


Message History

Gang up on whom?
Press: ? - help, Dir - move target, f/p - gnoll sergeant
Aim: a gnoll sergeant, wielding a +7 spear of venom and wearing a +0 scale mail (heavily wounded, ally target) Attack!
The gnoll sergeant hits your white imp with a +7 spear of venom!
Your white imp dies!
Your white imp disappears in a puff of smoke!
Casting: Blink (safe; 1% risk of failure)
Confirm with . or Enter, or press ? or * to list all spells.
A beastly little devil appears in a puff of frigid air.
You feel stable enough to blink again.
You are too injured to fight recklessly!
You are too injured to fight recklessly!
Casting: Call Imp (safe; 1% risk of failure)
Confirm with . or Enter, or press ? or * to list all spells.
Aiming: Magic Dart (safe; 1% risk of failure)
Press: ? - help, Shift-Dir - straight line, f/p - gnoll sergeant
Aim: a gnoll sergeant, wielding a +7 spear of venom and wearing a +0 scale mail (heavily wounded, ally target, 100% to hit)
The magic dart hits the gnoll sergeant but does no damage.
The gnoll sergeant is heavily wounded.
The gnoll sergeant hits you but does no damage.
Casting: Magic Dart (safe; 1% risk of failure)
Confirm with . or Enter, or press ? or * to list all spells.
Aiming: Magic Dart (safe; 1% risk of failure)
Press: ? - help, Shift-Dir - straight line, f/p - gnoll sergeant
Aim: a gnoll sergeant, wielding a +7 spear of venom and wearing a +0 scale mail (heavily wounded, ally target, 100% to hit)
The magic dart hits the gnoll sergeant.
The gnoll sergeant is severely wounded.
The gnoll sergeant hits you from afar with a +7 spear of venom!
* * * LOW HITPOINT WARNING * * *
Casting: Magic Dart (safe; 1% risk of failure)
Confirm with . or Enter, or press ? or * to list all spells.
Aiming: Magic Dart (safe; 1% risk of failure)
Press: ? - help, Shift-Dir - straight line, f/p - gnoll sergeant
Aim: a gnoll sergeant, wielding a +7 spear of venom and wearing a +0 scale mail (severely wounded, ally target, 100% to hit)
The magic dart hits the gnoll sergeant but does no damage.
The gnoll sergeant is severely wounded.
* * * LOW HITPOINT WARNING * * *
The gnoll sergeant hits you from afar with a +7 spear of venom!
You die...

,,,,,,,,,,,,,,,,,,,+.............
,,,,,********,,,,,,######.###...#
,,**,* *,,,,,,* #.#*###.. ,***,*
****,,,,,,* #.#,..... ,* *****
*,**,,,,,,* #.#,.....
,*****.##*,**############.#,.....
,,,,,*.....###..........#.#*#####
**,,,,,**#....g.))......#.#
**,,,,,**#####g.@)......#.##
,+,,,,,,,......#5#.#....#..# ***
,*,,,,***#####...#.#.##.#..####..
,*,,,,* #.#.#.#.##.##......#
******* #...#.#.##.##..###.#
************###.#.#.#......# *,,
*,,,,,,,,,,,,,#.#.#.######.#**,,
*,,,,,,,,,,,,,..#,#.#***,....+,,
*,,,,,,,,,,,,****,#..,***#.###,,


You could see a gnoll sergeant (ally target), a gnoll and a friendly white imp
(summoned).

Vanquished Creatures
  A gargoyle (D:6)
  Eustachio (D:5)
  Edmund (D:5)
  An ogre (D:5)
  A centaur (D:6)
  A phantom (D:5)
  A scorpion (D:5)
  4 hounds
  A gnoll bouda (D:4)
  A jelly (D:5)
  2 iguanas
  Ijyb (D:5)
  Natasha (thrice) (D:4)
  2 orc wizards (D:3)
  7 gnolls
  4 adders
  2 white imps
  An ufetubus (D:5)
  A worm (D:2)
  3 dart slugs
  17 orcs
  9 endoplasms
  4 giant cockroaches
  6 goblins
  8 hobgoblins
  2 jackals (D:4)
  2 quokkas (D:1)
  5 ball pythons
  4 bats
  3 frilled lizards
  9 kobolds
  5 rats
113 creatures vanquished.

Vanquished Creatures (collateral kills)
  A phantom (D:4)
  An orc priest (D:2)
  An orc wizard (D:2)
  A gnoll (D:6)
  A dart slug (D:2)
  3 orcs (D:3)
  A kobold (D:2)
9 creatures vanquished.

Vanquished Creatures (others)
  An orc wizard (D:3)
  A gnoll (D:6)
  11 fungi (D:3)
  4 plants (D:3)
17 creatures vanquished.

Grand Total: 139 creatures vanquished

Notes
Turn   | Place    | Note
-------+----------+-------------------------------------------
     0 | D:1      | oldriver the Djinni Hedge Wizard began the quest for the
                  | Orb.
     0 | D:1      | oldriver set off with the following spells memorised: Magic
                  | Dart, Slow, Blink, Call Imp, Cigotuvi's Dreadful Rot,
                  | Mephitic Cloud.
     0 | D:1      | Reached XP level 1. HP: 15/15 MP: 0/0
    74 | D:1      | Reached XP level 2. HP: 12/22 MP: 0/0
   200 | D:1      | Reached skill level 1 in Fighting
   374 | D:1      | Reached XP level 3. HP: 25/27 MP: 0/0
   374 | D:1      | Learned a level 1 spell: Sting
   997 | D:2      | Reached skill level 2 in Fighting
   997 | D:2      | Reached XP level 4. HP: 27/33 MP: 0/0
  1004 | D:2      | Reached XP level 5. HP: 14/39 MP: 0/0
  1004 | D:2      | Learned a level 2 spell: Momentum Strike
  2199 | D:3      | Found a sacrificial altar of Ru.
  2471 | D:4      | Reached skill level 3 in Fighting
  2471 | D:4      | Reached XP level 6. HP: 40/46 MP: 0/0
  2528 | D:4      | Noticed Natasha
  2537 | D:4      | Killed Natasha
  3516 | D:3      | Found a faded altar of an unknown god.
  3873 | D:4      | Reached skill level 4 in Fighting
  3873 | D:4      | Reached XP level 7. HP: 28/52 MP: 0/0
  3873 | D:4      | Learned a level 3 spell: Inner Flame
  3973 | D:4      | Noticed Natasha
  3977 | D:4      | Killed Natasha
  4282 | D:5      | Entered Level 5 of the Dungeon
  4282 | D:5      | Found Keota's Armour Shoppe.
  4401 | D:5      | Noticed Edmund
  4434 | D:5      | Killed Edmund
  4560 | D:5      | Reached skill level 5 in Fighting
  4560 | D:5      | Reached XP level 8. HP: 45/59 MP: 0/0
  4838 | D:5      | Found Quipnogge's Overcharged Wands.
  5012 | D:5      | Reached skill level 5 in Spellcasting
  5104 | D:5      | Noticed Eustachio
  5107 | D:5      | Noticed Ijyb
  5119 | D:5      | Killed Eustachio
  5134 | D:5      | Killed Ijyb
  5135 | D:5      | Reached skill level 5 in Dodging
  5629 | D:6      | Noticed a gargoyle
  5897 | D:4      | Noticed Natasha
  5907 | D:4      | Killed Natasha
  6194 | D:6      | Noticed Menkaure
  6280 | D:6      | Killed a gargoyle
  6281 | D:6      | Reached skill level 6 in Fighting
  6426 | D:6      | Slain by a gnoll sergeant

Illustrated notes

Levels and vault maps discovered:
D:1:      dpeg_arrival_round_a, layout_rooms
D:2:      cheibrodos_pilgrimage, layout_basic
D:3:      layout_rooms, mainiacjoe_overflow_boulevard,
          shapermc_ecumenical_altar_mp_urbaneastern
D:4:      layout_layer_cave, uniq_natasha
D:5:      layout_gridville, serial_rivers, chequers_serial_rivers_micro_b,
          chequers_serial_rivers_small_a, chequers_serial_rivers_large_b,
          chequers_serial_rivers_small_3, serial_bayou_pond_e,
          nicolae_stop_n_shop_2, nicolae_shop_overcharged_wands, uniq_eustachio,
          uniq_ijyb, uniq_edmund
D:6:      layout_basic, nicolae_hepliaklqana_monster_ancestors, enter_ossuary_5,
          minmay_manual_moon, uniq_menkaure, uniq_grinder

Skill      XL: |  1  2  3  4  5  6  7  8 |
---------------+-------------------------+-----
Fighting       | 1 2 3 4 5 6 |  6.3
Spellcasting   | 3 4 5 |  5.5
Dodging        | 3 4 5 |  5.4
Stealth        | |  1.5

Action                   |  1- 3 |  4- 6 |  7- 9 || total
-------------------------+-------+-------+-------++-------
Melee: Dagger            |       |    14 |     4 ||    18
 Cast: Magic Dart        |    87 |   199 |   162 ||   448
       Call Imp          |     3 |    11 |     8 ||    22
       Blink             |       |     1 |     3 ||     4
       Inner Flame       |       |       |     7 ||     7
       Mephitic Cloud    |       |       |    12 ||    12
       Slow              |       |       |    10 ||    10
       Sting             |       |       |     6 ||     6
       Momentum Strike   |       |       |     5 ||     5
  Use: Scroll            |       |     3 |    14 ||    17
       Potion            |       |     1 |       ||     1
 Stab: Confused          |       |       |     1 ||     1
Armor: Robe              |     1 |    15 |     7 ||    23
       Skin              |       |    35 |       ||    35
Dodge: Dodged            |     3 |    56 |    42 ||   101

Table legend: (Time is in decaauts)
 A = Elapsed time spent in this place.
 B = Non-inter-level travel time spent in this place.
 C = Inter-level travel time spent in this place.
 D = Time resting spent in this place.
 E = Time spent auto-exploring this place.
 F = Levels seen in this place.
 G = Mean time per level.
                   A        B        C        D        E       F      G
               +--------+--------+--------+--------+--------+-----+--------+
         Total |   6449 |   6113 |    336 |   1261 |   3461 |   6 | 1074.8 |
       Dungeon |   6449 |   6113 |    336 |   1261 |   3461 |   6 | 1074.8 |
               +--------+--------+--------+--------+--------+-----+--------+

Top non-repeatable levels by time:
     D:5: 1560 daAuts
     D:4: 1471 daAuts
     D:2: 1348 daAuts
     D:3: 1196 daAuts
     D:1: 662 daAuts
     D:6: 212 daAuts
